 Dungeon Crawl Stone Soup version 0.18.1-48-g4cf74bf (webtiles) character file.

12430 Gargoyl the Protected (level 11, -12/85 HPs)
             Began as a Demonspawn Abyssal Knight on Aug 14, 2016.
             Was a High Priest of Lugonu.
             Mangled by a hill giant
             ... wielding a +0 giant club
              (17 damage)
             ... on level 11 of the Dungeon.
             The game lasted 00:29:14 (11194 turns).

Gargoyl the Protected (Demonspawn Abyssal Knight)  Turns: 11194, Time: 00:29:15

Health: -12/85     AC: 23    Str: 15    XL:     11   Next: 62%
Magic:  0/15       EV:  5    Int: 15    God:    Lugonu [*****.]
Gold:   485        SH: 11    Dex: 14    Spells: 0 memorised, 15 levels left

rFire  . . .     SeeInvis +     v - +4 hand axe (venom)
rCold  . . .     Gourm    .     G - +0 plate armour
rNeg   . . .     Faith    .     k - +1 shield
rPois  .         Spirit   +     (helmet restricted)
rElec  .         Dismiss  .     (no cloak)
rCorr  +         Reflect  .     (no gloves)
SustAt +         Harm     .     u - +2 pair of boots
MR     .....     Clarity  +     (no amulet)
Stlth  ..........               R - ring of resist corrosion
                                p - ring of sustain attributes

@: not resistant to hostile enchantments, extremely unstealthy
A: claws 1, horns 1, iridescent scales 2, see invisible, agile 1, berserk 1,
clarity, powered by death 2, magic shield, magic regeneration, magic link
a: Depart the Abyss, Bend Space, Banish, Corrupt, Enter the Abyss, Renounce
Religion


You were on level 11 of the Dungeon.
You worshipped Lugonu.
Lugonu was extremely pleased with you.
You were not hungry.

You visited 3 branches of the dungeon, and saw 13 of its levels.
You visited the Abyss 1 time.
You also visited: Ossuary.

You collected 527 gold pieces.
You spent 42 gold pieces at shops.

Inventory:

Hand Weapons
 b - a +6 flail of draining
 v - a +4 hand axe of venom (weapon)
 A - a +0 war axe
Missiles
 m - 4 tomahawks of returning (quivered)
Armour
 k - a +1 shield (worn)
 u - a +2 pair of boots (worn)
 G - a +0 plate armour (worn)
Jewellery
 p - a ring of sustain attributes (left claw)
 R - a ring of resist corrosion (right claw)
Wands
 a - a wand of confusion (32/48)
 h - a wand of lightning (4/15)
 j - a wand of slowing (22/48)
 o - a wand of flame (28/48)
 s - a wand of digging (4/24)
 x - a wand of digging (14/24)
 D - a wand of flame (25/48)
 J - a wand of slowing (29/48)
 L - a wand of lightning (11/15)
 N - a wand of disintegration (13/24)
Scrolls
 e - 12 scrolls of remove curse
 f - 7 scrolls of identify
 l - 3 scrolls of recharging
 w - 2 scrolls of amnesia
 y - 2 scrolls of fear
 H - a scroll of magic mapping
 P - a scroll of fog
Potions
 d - 2 potions of curing
 i - a potion of cancellation
 E - 2 potions of haste
 F - a potion of ambrosia
 I - 2 potions of flight
 K - 3 potions of lignification
 M - 2 potions of might
Books
 n - a book of Enchantments

   Spells                             Type                      Level
   a - Cause Fear                     Hexes                        4
   b - Yara's Violent Unravelling     Hexes/Transmutation          5
   c - Silence                        Hexes/Air                    5
   d - Deflect Missiles               Charms/Air                   6
   e - Haste                          Charms                       6
   f - Discord                        Hexes                        8
 q - a book of Dreams

   Spells                             Type                      Level
   a - Ensorcelled Hibernation        Hexes/Ice                    2
   b - Silence                        Hexes/Air                    5
   c - Darkness                       Hexes                        6
   d - Shadow Creatures               Summoning                    6
 t - An Early Guide to Hermeneutics
   (You found it on level 7 of the Dungeon)

   Spells                             Type                      Level
   a - Song of Slaying                Charms                       2
   b - Throw Frost                    Conjuration/Ice              2
   c - Corpse Rot                     Necromancy                   2
   d - Cure Poison                    Poison                       2
   e - Blink                          Translocation                2
 z - a book of Flames

   Spells                             Type                      Level
   a - Flame Tongue                   Conjuration/Fire             1
   b - Throw Flame                    Conjuration/Fire             2
   c - Conjure Flame                  Conjuration/Fire             3
   d - Inner Flame                    Hexes/Fire                   3
   e - Sticky Flame                   Conjuration/Fire             4
   f - Fireball                       Conjuration/Fire             5
 C - a book of the Sky

   Spells                             Type                      Level
   a - Summon Lightning Spire         Summoning/Air                4
   b - Airstrike                      Air                          4
   c - Silence                        Hexes/Air                    5
   d - Deflect Missiles               Charms/Air                   6
   e - Conjure Ball Lightning         Conjuration/Air              6
   f - Tornado                        Air                          9
 O - a book of Cantrips

   Spells                             Type                      Level
   a - Corona                         Hexes                        1
   b - Animate Skeleton               Necromancy                   1
   c - Summon Small Mammal            Summoning                    1
   d - Apportation                    Translocation                1
Comestibles
 c - 5 bread rations
 g - 13 fruits
 r - 3 beef jerkies
 B - a chunk of flesh
 Q - 2 meat rations


   Skills:
 + Level 7.7 Fighting
 + Level 7.3(7.5) Axes
 + Level 2.2(5.1) Maces & Flails
 + Level 3.1 Throwing
 * Level 9.9 Armour
 + Level 4.6 Dodging
 + Level 3.2 Stealth
 + Level 6.9 Shields
 + Level 2.7 Unarmed Combat
 + Level 2.9 Spellcasting
 + Level 5.8 Invocations


You had 15 spell levels left.
You didn't know any spells.

Dungeon Overview and Level Annotations

Branches:
Dungeon (11/15)            Temple (1/1) D:6            Lair (0/8) D:11
    Orc (1/2) D:11

Altars:
Ashenzari
Dithmenos
Elyvilon
Fedhas
Gozag
Qazlal
Ru
Sif Muna
Trog
Yredelemnul
Zin

Shops:
D:7 :   D:9 *   D:10 !


Innate Abilities, Weirdness & Mutations

You have a pair of small horns on your head.
You are mostly covered in iridescent scales (AC +6).
You regenerate health from kills.
When hurt, damage is shared between your health and your magic reserves.
You regenerate magic rapidly.
When low on magic, you restore magic in place of health.
You have sharp fingernails.
You have supernaturally acute eyesight.
You are agile. (Dex +2)
You tend to lose your temper in combat.
You possess an exceptional clarity of mind.


Message History

You headbutt the hill giant, but do no damage.
The hill giant is moderately wounded.
You hit the hill giant.
The hill giant is moderately wounded.
The hill giant hits you with a giant club!!
* * * LOW HITPOINT WARNING * * *
You see here a club.
The hill giant looks more healthy.
Throwing (i - inventory):
m - 4 tomahawks of returning (quivered)
Press: ? - help, Shift-Dir - straight line, f - hill giant
Aim: a hill giant, wielding a giant club (severely wounded)
You throw a tomahawk of returning.
The tomahawk of returning barely misses the hill giant.
The tomahawk of returning returns to your pack!
The hill giant hits you with a giant club!!
* * * LOW HITPOINT WARNING * * *
Your plate armour prevents you from hitting the hill giant.
The hill giant is severely wounded.
The hill giant hits you with a giant club!!
You die...

..PP..†.P.######..#
.PPP..P...## #..#
P.PP.P.P...# #..#
........P..## #..#
..P.P.PP.P..# #..#
.P..P..P....# #..#
PP.P.P..P...# #..#
P.PP>PP.....# #C.#
.P..PPP.PP..# #@.#
...PP..PPP..####..#
).P.P.P.P.........#
PP....PPP.........#
P.PPP......######.#
.PPPP.P..P## #.#
P.PPPP....# #.#
P.....P...#######.#
..P....P......))..#


You could see a hill giant.

Vanquished Creatures
  Harold (D:10)
  Erolcha (D:10)
  The ghost of loom the Destroyer, a novice DECj of Vehumet (D:8)
  Pikel (D:5)
  A hill giant (D:10)
  A cyclops (D:11)
  An ugly thing (D:11)
  Psyche (D:11)
  A troll (D:9)
  A two-headed ogre (D:8)
  A vampire (D:10)
  3 yaks (D:11)
  2 hippogriffs
  A hungry ghost (D:9)
  Eustachio (D:5)
  A mottled dragon (D:11)
  Edmund (Temple)
  Duvessa (D:4)
  A water moccasin (D:11)
  8 orc warriors
  2 sky beasts
  A slave (D:5)
  2 ice beasts
  2 ogres
  5 phantoms
  3 black bears
  A wasp (D:11)
  A centaur (D:10)
  A crocodile (D:8)
  4 elf zombies (Ossuary)
  Blork the orc (D:6)
  2 big kobolds
  2 wyvern zombies (D:10)
  The ghost of ayyllmao the Sneak, an amateur SpEn (D:3)
  5 giant frogs
  Dowan (D:4)
  5 scorpions
  2 water moccasin skeletons
  6 killer bees (D:9)
  4 howler monkeys
  3 crimson imps
  8 hounds
  2 quasits
  7 centaur zombies
  3 human zombies (Ossuary)
  A gnoll shaman (D:9)
  12 orc priests
  7 orc wizards
  2 centaur skeletons
  3 iguanas
  Jessica (D:7)
  Natasha (twice) (D:4)
  6 worker ants
  A hound zombie (D:6)
  A hound skeleton (D:11)
  4 mummies
  Robin (D:4)
  A worker ant zombie (D:8)
  10 gnolls
  10 adders
  A river rat (D:11)
  An ooze (D:1)
  6 worms
  An adder skeleton (D:5)
  4 dart slugs
  4 giant geckos
  37 orcs
  2 ball pythons
  8 bats
  7 giant cockroaches
  6 goblins
  13 hobgoblins
  2 jackals (D:6)
  7 quokkas
  A giant gecko skeleton (D:4)
  5 giant newts
  A goblin zombie (D:4)
  9 kobolds
  A kobold zombie (D:4)
  A quokka zombie (D:9)
  12 rats
  3 fungi (D:11)
  2 plants (D:11)
300 creatures vanquished.

Vanquished Creatures (others)
  A hydra (D:11)
  Prince Ribbit (D:5)
  A hungry ghost (D:11)
  A giant frog (D:7)
  3 howler monkeys (D:7)
  A quokka skeleton (D:5)
  14 fungi
  8 plants (D:11)
30 creatures vanquished.

Grand Total: 330 creatures vanquished

Notes
Turn   | Place    | Note
--------------------------------------------------------------
     0 | Abyss:1  | Gargoyl the Demonspawn Abyssal Knight began the quest for the Orb.
     0 | Abyss:1  | Reached XP level 1. HP: 18/18 MP: 2/2
    16 | Abyss:2  | Noticed a raiju
    81 | Abyss:5  | Entered Level 5 of the Abyss
    97 | Abyss:5  | Noticed a large abomination
   109 | D:1      | Escaped the Abyss
   192 | D:1      | Reached * piety under Lugonu
   216 | D:1      | Reached skill level 2 in Armour
   251 | D:1      | Gained mutation: You are partially covered in iridescent scales (AC +4). [demonic ancestry]
   251 | D:1      | Reached XP level 2. HP: 19/24 MP: 3/3
   516 | D:1      | Found a shattered altar of Ashenzari.
   784 | D:1      | Gained mutation: You are mostly covered in iridescent scales (AC +6). [demonic ancestry]
   784 | D:1      | Reached XP level 3. HP: 23/29 MP: 4/4
  1344 | D:2      | Reached ** piety under Lugonu
  1676 | D:2      | Gained mutation: You regenerate a little health from kills. [demonic ancestry]
  1676 | D:2      | Reached XP level 4. HP: 22/36 MP: 6/6
  2042 | D:3      | Noticed ayyllmao's ghost (amateur SpEn)
  2095 | D:3      | Gained mutation: You have sharp fingernails. [potion of mutation]
  2095 | D:3      | Gained mutation: You have supernaturally acute eyesight. [potion of mutation]
  2095 | D:3      | Gained mutation: You are agile. (Dex +2) [potion of mutation]
  2099 | D:3      | Reached skill level 5 in Fighting
  2099 | D:3      | Reached skill level 5 in Armour
  2099 | D:3      | Reached skill level 5 in Invocations
  2099 | D:3      | Gained mutation: You have a pair of small horns on your head. [demonic ancestry]
  2099 | D:3      | Reached XP level 5. HP: 7/44 MP: 6/9
  2660 | D:4      | Noticed Dowan
  2662 | D:4      | Noticed Duvessa
  2686 | D:4      | Killed Duvessa
  2686 | D:4      | Reached XP level 6. HP: 14/51 MP: 10/10
  2692 | D:4      | Killed Dowan
  2705 | D:4      | Found a glowing silver altar of Zin.
  2814 | D:4      | Noticed Natasha
  2815 | D:4      | Found a sand-covered staircase.
  2831 | D:4      | Killed Natasha
  2860 | Ossuary  | Entered an ossuary
  2912 | Ossuary  | Reached XP level 7. HP: 53/56 MP: 11/11
  2990 | Ossuary  | Reached skill level 6 in Armour
  3170 | Ossuary  | Reached *** piety under Lugonu
  3252 | D:4      | Gained mutation: When hurt, damage is shared between your health and your magic reserves. [demonic ancestry]
  3252 | D:4      | Reached XP level 8. HP: 63/63 MP: 12/12
  3744 | D:4      | Noticed Natasha
  3754 | D:4      | Killed Natasha
  3955 | D:4      | Noticed Robin
  3964 | D:4      | Killed Robin
  3986 | D:5      | Entered Level 5 of the Dungeon
  3992 | D:5      | Reached skill level 5 in Axes
  4001 | D:5      | Noticed Pikel
  4001 | D:5      | Noticed Prince Ribbit
  4046 | D:6      | Noticed Edmund
  4061 | D:6      | Noticed Blork the orc
  4071 | D:6      | Found a staircase to the Ecumenical Temple.
  4080 | Temple   | Entered the Ecumenical Temple
  4348 | Temple   | Killed Edmund
  4368 | D:6      | Killed Blork the orc
  4486 | D:6      | Reached **** piety under Lugonu
  4866 | D:5      | Gained mutation: You regenerate health from kills. [demonic ancestry]
  4866 | D:5      | Reached XP level 9. HP: 69/69 MP: 13/13
  4915 | D:5      | Noticed Eustachio
  4945 | D:5      | Killed Eustachio
  5022 | D:5      | Found a bloodstained altar of Trog.
  5094 | D:5      | Reached skill level 1 in Maces & Flails
  5199 | D:5      | Killed Pikel
  5199 | D:5      | Reached skill level 7 in Armour
  5214 | D:5      | Killed Prince Ribbit
  5701 | D:3      | Found a blossoming altar of Fedhas.
  5838 | D:3      | Killed ayyllmao's ghost
  5968 | D:3      | Found an opulent altar of Gozag.
  6120 | D:3      | Found a basalt altar of Yredelemnul.
  6175 | D:3      | Found a white marble altar of Elyvilon.
  6688 | D:7      | Identified An Early Guide to Hermeneutics
  6703 | D:7      | Found a sacrificial altar of Ru.
  6725 | D:7      | Found Hifizody's Book Emporium.
  6882 | D:7      | Gained mutation: You tend to lose your temper in combat. [mutagenic meat]
  6884 | D:7      | Gained mutation: You possess an exceptional clarity of mind. [mutagenic meat]
  6975 | D:7      | Noticed Jessica
  6981 | D:7      | Killed Jessica
  6989 | D:7      | Found a deep blue altar of Sif Muna.
  7211 | D:7      | Reached ***** piety under Lugonu
  7393 | D:8      | Noticed loom's ghost (novice DECj)
  7420 | D:8      | HP: 1/106 [loom's ghost/orb of energy (14)]
  7429 | D:8      | Killed loom's ghost
  7429 | D:8      | Gained mutation: You regenerate magic rapidly. [demonic ancestry]
  7429 | D:8      | Reached XP level 10. HP: 4/77 MP: 1/14
  7761 | D:8      | Reached skill level 8 in Armour
  7854 | D:8      | Found a shadowy altar of Dithmenos.
  7865 | D:8      | Reached skill level 5 in Shields
  8578 | D:9      | Found a stormy altar of Qazlal.
  8620 | D:9      | Found Nopiotit's Assorted Antiques.
  8906 | D:10     | Entered Level 10 of the Dungeon
  9072 | D:10     | Noticed Erolcha
  9085 | D:10     | Killed Erolcha
  9087 | D:10     | Reached skill level 9 in Armour
  9189 | D:10     | Gained mutation: When low on magic, you restore magic in place of health. [demonic ancestry]
  9189 | D:10     | Reached XP level 11. HP: 80/84 MP: 13/15
  9240 | D:10     | Noticed a hill giant
  9448 | D:10     | Killed a hill giant
  9448 | D:10     | Reached ****** piety under Lugonu
  9499 | D:10     | Found Iwux Neeg's Distillery.
  9507 | D:10     | Bought a potion of curing for 42 gold pieces
  9637 | D:11     | Noticed Harold
  9925 | D:10     | Killed Harold
 10246 | D:11     | Found a staircase to the Orcish Mines.
 10324 | D:11     | Noticed a white ugly thing
 10325 | D:11     | Found a staircase to the Lair.
 10337 | D:11     | Noticed Psyche
 10343 | D:11     | Killed a white ugly thing
 10743 | D:11     | Noticed a five-headed hydra
 10746 | D:11     | Banished a five-headed hydra
 10807 | D:11     | Killed Psyche
 11077 | Orc:1    | Entered Level 1 of the Orcish Mines
 11087 | Orc:1    | Noticed an orc knight
 11149 | D:11     | Noticed a hill giant
 11194 | D:11     | Mangled by a hill giant

Skill      XL: |  1  2  3  4  5  6  7  8  9 10 11 |
---------------+----------------------------------+-----
Axes           | 2 4 5 6 7 |  7.3
Armour         | 2 5 6 7 9 |  9.9
Fighting       | 5 6 7 |  7.7
Throwing       | 2 3 |  3.1
Dodging        | 3 4 |  4.6
Stealth        | 3 |  3.2
Shields        | 2 3 4 5 6 |  6.9
Unarmed Combat | 2 |  2.7
Spellcasting   | 2 |  2.9
Invocations    | 5 |  5.8
Maces & Flails | 2 |  2.2

Action                   |  1- 3 |  4- 6 |  7- 9 | 10-12 || total
-------------------------+-------+-------+-------+-------++-------
Melee: Hand axe          |   151 |   155 |   312 |   528 ||  1146
       Headbutt          |       |    26 |   120 |   117 ||   263
       War axe           |       |       |   128 |       ||   128
       Flail             |       |       |   186 |    11 ||   197
Throw: Tomahawk          |       |       |     3 |     1 ||     4
Invok: Depart the Abyss  |     1 |       |       |       ||     1
       Banish            |       |       |       |     5 ||     5
Evoke: Wand              |       |       |     1 |       ||     1
  Use: Potion            |     1 |     8 |     6 |     3 ||    18
       Scroll            |       |     3 |    20 |     4 ||    27
 Stab: Invisible         |       |       |       |     3 ||     3
  Eat: Chunk             |     3 |     4 |    17 |    11 ||    35
       Royal jelly       |       |       |     1 |     1 ||     2
       Fruit             |       |       |       |    13 ||    13
       Meat ration       |       |       |       |     1 ||     1
       Beef jerky        |       |       |       |     1 ||     1
Armor: Chain mail        |   137 |    95 |   344 |     6 ||   582
       Skin              |       |       |    15 |       ||    15
       Plate armour      |       |       |       |   383 ||   383
Dodge: Dodged            |    25 |    25 |   125 |    89 ||   264
Block: Shield            |    56 |    51 |   288 |   327 ||   722
